 Dungeon Crawl Stone Soup version 0.22-a0-307-g2b15929 (webtiles) character file.

1810 xccam the Cleaver (level 9, -1/64 HPs)
             Began as a Formicid Fighter on Apr 1, 2018.
             Was a Believer of Cheibriados.
             Slain by an ogre
             ... wielding a +0 giant spiked club
              (29 damage)
             ... on level 6 of the Dungeon.
             The game lasted 00:08:50 (5506 turns).

xccam the Cleaver (Formicid Fighter)                Turns: 5506, Time: 00:08:51

Health: -1/64      AC:  6    Str: 26    XL:     9   Next: 31%
Magic:  9/9        EV:  9    Int: 18    God:    Cheibriados [**....]
Gold:   287        SH: 12    Dex: 15    Spells: 8/8 levels left

rFire    . . .     SeeInvis +   a - +0 war axe
rCold    . . .     Gourm    .   c - +0 shield
rNeg     . . .     Faith    .   b - +0 scale mail
rPois    .         Spirit   .   (helmet unavailable)
rElec    .         Reflect  .   (no cloak)
rCorr    .         Harm     .   (no gloves)
MR       .....                  (no boots)
Stlth    ..........             (no amulet)
HPRegen  0.20/turn              l - +5 ring of intelligence
MPRegen  0.11/turn              (no ring)

@: lethally poisoned (-1 -> -1), very slow
A: permanent stasis, dig shafts and tunnels, four strong arms, antennae 3
a: Dig, Shaft Self, Bend Time, Renounce Religion


You were on level 6 of the Dungeon.
You worshipped Cheibriados.
Cheibriados was pleased with you.
You were not hungry.

You visited 1 branch of the dungeon, and saw 6 of its levels.
You also visited: Ossuary.

You collected 287 gold pieces.

Inventory:

Hand Weapons
 a - a +0 war axe (weapon)
Armour
 b - a +0 scale mail (worn)
 c - a +0 shield (worn)
 t - a +0 plate armour
Jewellery
 l - a +5 ring of intelligence (left hand)
 y - an uncursed ring of ice
Scrolls
 h - a scroll of blinking {unknown}
 j - 2 scrolls of identify
 k - a scroll of immolation
 m - 6 scrolls of magic mapping
 v - a scroll of enchant armour {unknown}
 z - a scroll of fog {unknown}
Potions
 d - a potion of cancellation {unknown}
 e - 2 potions of brilliance {unknown}
 g - 2 potions of mutation {unknown}
 i - 2 potions of flight {unknown}
 n - a potion of berserk rage {unknown}
 o - 3 potions of heal wounds
 p - a potion of ambrosia {unknown}
 q - a potion of lignification {unknown}
 r - 3 potions of curing {unknown}
 s - a potion of agility
 u - a potion of magic {unknown}
 w - 2 potions of haste {unknown}
Comestibles
 f - 11 rations
 x - 4 chunks of flesh


   Skills:
 - Level 3.2 Fighting
 - Level 10.0 Axes
 - Level 3.2 Armour
 + Level 7.9 Shields


You had 8 spell levels left.
You didn't know any spells.

Dungeon Overview and Level Annotations

Branches:
Dungeon (6/15)
 Temple: D:4-7

Altars:
Cheibriados
Zin
The Shining One

Annotations:
D:4 2 transporters


Innate Abilities, Weirdness & Mutations

You cannot be hasted, slowed, berserked, paralysed or teleported.
You can dig through walls and to a lower floor.
Your four strong arms can wield two-handed weapons with a shield.
You have a pair of large antennae on your head. (SInv)


Message History

You kill the gnoll!
Cheibriados appreciates the change of pace.
You feel sick. The gnoll closely misses you.
You hit the ogre but do no damage.
The ogre hits you with a giant spiked club!!
You block the gnoll's attack.
You hit the ogre.
The ogre is lightly wounded.
You block the gnoll's attack. You block the ogre's attack.
You closely miss the ogre.
The ogre is lightly wounded.
The gnoll hits you but does no damage. You block the ogre's attack.
You slash the ogre!
The ogre is heavily wounded.
The gnoll closely misses you.
You slash the ogre!
The ogre is almost dead.
You feel sick. You block the gnoll's attack.
The ogre hits you with a giant spiked club!!
You die...

##########################
..$...O..)K..........'...#
......'(((g........)))...#
o)....####O'########'#...#
...g. #..@.).....#...#...#
...$ #..........#...#...#


$g$ #..........#.>.##### g.{ #..........#..(#P♣♣♣ K { {############'))#PPPP ♣..P
♣♣♣....♣PPP♣ ♣P..PP♣PP.....P♣P. P.P..P♣P♣P......... ......P.P........).. You
could see an ogre, a gnoll and a kobold.

Vanquished Creatures
  The ghost of darksquall the Fighter, a novice OgBe of Trog (D:5)
  A water moccasin (D:5)
  2 big kobolds (D:6)
  A gnoll sergeant (D:6)
  2 water moccasin zombies (Ossuary)
  2 scorpions (D:4)
  A howler monkey (D:4)
  A bullfrog zombie (D:6)
  An orc priest (D:6)
  A hound (D:6)
  A jelly (D:5)
  2 gnoll shamans (D:6)
  2 iguanas (D:4)
  4 worker ants
  A big kobold zombie (Ossuary)
  2 mummies (Ossuary)
  6 adders
  15 gnolls
  5 adder zombies (Ossuary)
  A worm (D:4)
  5 dart slugs
  5 leopard geckos
  4 orcs
  6 bats
  7 giant cockroaches
  6 gnoll zombies (Ossuary)
  9 goblins
  14 hobgoblins
  9 jackals
  A quokka (D:5)
  2 ball pythons
  4 frilled lizards
  5 hobgoblin zombies (Ossuary)
  9 kobolds
  3 kobold zombies (Ossuary)
  A leopard gecko skeleton (D:4)
  5 orc zombies (Ossuary)
  8 rats
  2 plants (D:6)
157 creatures vanquished.

Vanquished Creatures (others)
  A plant (D:6)
1 creature vanquished.

Grand Total: 158 creatures vanquished

Notes
Turn   | Place    | Note
-------+----------+-------------------------------------------
     0 | D:1      | xccam the Formicid Fighter began the quest for the Orb.
     0 | D:1      | Reached XP level 1. HP: 18/18 MP: 1/1
    45 | D:1      | Found a glowing golden altar of the Shining One.
   123 | D:1      | Reached XP level 2. HP: 24/24 MP: 2/2
   215 | D:1      | Reached skill level 3 in Axes
   286 | D:1      | Reached XP level 3. HP: 23/29 MP: 3/3
   589 | D:2      | Reached skill level 4 in Axes
   589 | D:2      | Reached XP level 4. HP: 28/35 MP: 4/4
  1605 | D:3      | Reached XP level 5. HP: 36/41 MP: 5/5
  1752 | D:3      | Reached skill level 5 in Axes
  2309 | D:4      | Reached XP level 6. HP: 26/47 MP: 6/6
  2313 | D:4      | Found a sand-covered staircase.
  2403 | D:4      | Reached skill level 6 in Axes
  2407 | Ossuary  | Entered an ossuary
  2783 | Ossuary  | Reached XP level 7. HP: 34/52 MP: 7/7
  2787 | Ossuary  | Reached skill level 7 in Axes
  3117 | D:4      | Found a snail-covered altar of Cheibriados.
  3123 | D:4      | Became a worshipper of Cheibriados the Contemplative
  3316 | D:4      | Found a transporter.
  3597 | D:4      | Found a transporter.
  3669 | D:4      | Reached skill level 8 in Axes
  3906 | D:5      | Entered Level 5 of the Dungeon
  3908 | D:5      | Noticed darksquall's ghost (novice OgBe)
  3916 | D:5      | HP: 2/52 [darksquall's ghost (15)]
  3919 | D:5      | Killed darksquall's ghost
  3919 | D:5      | Reached skill level 10 in Axes
  3919 | D:5      | Reached XP level 8. HP: 30/58 MP: 8/8
  4617 | D:5      | Reached skill level 5 in Shields
  4765 | D:5      | Found a glowing silver altar of Zin.
  4925 | D:6      | Reached * piety under Cheibriados
  4925 | D:6      | Reached XP level 9. HP: 43/64 MP: 9/9
  5498 | D:6      | Reached ** piety under Cheibriados
  5506 | D:6      | Slain by an ogre

Vault maps used:
D:1:      ncdulo_smallfort, st_stairs_8, tso_metal_star
D:3:      first_ration, uniq_crazy_yiuf_cottage
D:4:      gammafunk_steamed_eel, nicolae_ossuary_entry_ruins, chei_slow_surprise
D:5:      overflow_temple_1_default
D:6:      kennysheep_housing_project, serial_shops, kennysheep_mini, basic_altar
Ossuary:  ossuary_tomb_2

Skill      XL: |  1  2  3  4  5  6  7  8  9 |
---------------+----------------------------+-----
Axes           | 3 4 5 6 10 | 10.0
Shields        | 5 7 |  7.9
Fighting       | |  3.2
Armour         | |  3.2

Action                   |  1- 3 |  4- 6 |  7- 9 || total
-------------------------+-------+-------+-------++-------
Melee: War axe           |    73 |   259 |   242 ||   574
  Use: Potion            |       |     2 |     3 ||     5
       Scroll            |       |       |     6 ||     6
  Eat: Chunk             |       |     6 |     3 ||     9
       Ration            |       |       |     2 ||     2
Armor: Scale mail        |    28 |    87 |    62 ||   177
Dodge: Dodged            |    28 |    82 |    76 ||   186
Block: Shield            |    45 |   119 |   146 ||   310

Table legend:
 A = Spawn XP
 B = Non-spawn XP
 C = Spawn XP percentage of total XP
 D = Spawn monster count
 E = Non-spawn monster count
 F = Spawn count percentage of total count
 G = Total turns spent on level
                    A         B        C        D         E        F      G
               +---------+---------+-------+---------+---------+-------+---------
         Total |       0 |    2587 |   0.0 |       0 |     155 |   0.0 |  5506
               +---------+---------+-------+---------+---------+-------+---------
           D:1 |       0 |      37 |   0.0 |       0 |      21 |   0.0 |   526
           D:2 |       0 |      97 |   0.0 |       0 |      27 |   0.0 |  1054
           D:3 |       0 |      53 |   0.0 |       0 |      15 |   0.0 |   689
           D:4 |       0 |     501 |   0.0 |       0 |      27 |   0.0 |  1099
           D:5 |       0 |     994 |   0.0 |       0 |      10 |   0.0 |   933
           D:6 |       0 |     628 |   0.0 |       0 |      26 |   0.0 |   667
       Ossuary |       0 |     277 |   0.0 |       0 |      29 |   0.0 |   538
               +---------+---------+-------+---------+---------+-------+---------
